 Dungeon Crawl Stone Soup version 0.31.0-32-g396128a36d (webtiles) character file.

Game seed: 798083675481023522

480 James the Shooter (level 7, -8/50 HPs)
             Began as a Formicid Hunter on Mar 13, 2024.
             Mangled by a crocodile (12 damage)
             ... in a sewer.
             The game lasted 00:09:59 (3164 turns).

James the Shooter (Formicid Hunter)                 Turns: 3164, Time: 00:10:00

Health: -8/50      AC:  6    Str: 16    XL:     7   Next: 34%
Magic:  7/7        EV: 10    Int:  8    God:
Gold:   36         SH:  0    Dex: 19    Spells: 6/6 levels left

rFire   . . .        a - +0 shortbow
rCold   . . .        o - orb {light}
rNeg    . . .        A - +0 scale mail
rPois   .            (helmet unavailable)
rElec   .            (no cloak)
rCorr   .            (no gloves)
SInv    +            (no boots)
Will    .....        (no amulet)
Stlth   +            (no ring)
HPRegen 0.28/turn    (no ring)
MPRegen 0.10/turn

%: no passive effects
@: glowing
A: permanent stasis, dig shafts and tunnels, antennae 3, four strong arms
a: Dig


You were in a sewer.
You visited 1 branch of the dungeon, and saw 4 of its levels.
You also visited: Sewer.

You collected 222 gold pieces.
You spent 186 gold pieces at shops.

Inventory:

Hand Weapons
 a - a +0 shortbow (weapon)
 g - a +0 dagger
   (You took it off a goblin on level 1 of the Dungeon)
Armour
 c - a +0 leather armour
 i - a +0 leather armour
   (You found it on level 1 of the Dungeon)
 o - an orb of light (worn)
   (You found it on level 1 of the Dungeon)
 p - a +0 leather armour
   (You found it on level 1 of the Dungeon)
 s - a +0 ring mail
   (You found it on level 3 of the Dungeon)
 u - a +0 leather armour
   (You took it off an orc on level 3 of the Dungeon)
 w - a +0 robe
   (You took it off Sigmund on level 3 of the Dungeon)
 y - a +0 ring mail
   (You found it on level 3 of the Dungeon)
 A - a +0 scale mail (worn)
   (You found it on level 3 of the Dungeon)
Wands
 v - a wand of charming (13)
   (You found it on level 3 of the Dungeon)
Scrolls
 d - a scroll of blinking {unknown}
 e - a scroll of brand weapon {unknown}
 f - a scroll of vulnerability {unknown}
 j - a scroll of enchant armour {unknown}
 k - 4 scrolls of teleportation {@r4}
 m - a scroll of noise {!r}
 r - a scroll of fear {unknown}
 z - a scroll of revelation
 B - a scroll of enchant weapon {unknown}
 C - a scroll of fog {unknown}
 D - a scroll of identify {unknown}
Potions
 h - a potion of might {unknown}
 l - 4 potions of curing {@q1}
 n - 2 potions of magic {unknown}
 q - a potion of lignification {unknown}
 t - 3 potions of brilliance {unknown}
 x - 5 potions of enlightenment
 E - a potion of heal wounds {unknown}


   Skills:
 - Level 2.1 Fighting
 + Level 7.7 Ranged Weapons
 + Level 3.0 Armour
 - Level 1.7 Dodging
 - Level 1.2 Stealth


You had 6 spell levels left.
You didn't know any spells.
Your spell library contained the following spells:

 Spells                   Type           Power      Damage    Failure   Level
 Lesser Beckoning         Tloc           0%         N/A       93%         2
 Momentum Strike          Conj/Tloc      0%         3d8       93%         2
 Blink                    Tloc           Unusable   N/A       N/A         2

Dungeon Overview and Level Annotations

Branches:
Dungeon (4/15)              Sewer (1/1)
 Temple: D:4-7

Altars:
Kikubaaqudgha
Wu Jian

Shops:
D:1 [!(   D:2 (:(*   D:3 =


Innate Abilities, Weirdness & Mutations

You cannot be hasted, slowed, berserked, paralysed or teleported.
You can dig through walls and to a lower floor.
You have a pair of large antennae on your head. (SInv)
Your four strong arms can wield two-handed weapons with a shield.


Message History

The arrow hits the malarious merfolk avatar.
You kill the malarious merfolk avatar!
The crocodile barely misses you.
Your Armour skill increases to level 3!
You shoot an arrow. The arrow hits the crocodile.
The crocodile bites you! The crocodile drags you backwards!
You shoot an arrow. The arrow barely misses the crocodile.
The crocodile barely misses you.
You shoot an arrow. The arrow hits the crocodile.
The crocodile bites you!
You shoot an arrow. The arrow hits the crocodile.
The crocodile bites you!
* * * LOW HITPOINT WARNING * * *
You are too injured to fight recklessly!
You are too injured to fight recklessly!
Fire: a) +0 shortbow
Press: ? - help, Q - select action, (/) - cycle Shift-Dir - straight line, f/p - crocodile
Aim: a crocodile (heavily wounded, haloed, 75% to hit)
You shoot an arrow. The arrow closely misses the crocodile.
The crocodile closely misses you. The crocodile barely misses you.
Fire: a) +0 shortbow
Press: ? - help, Q - select action, (/) - cycle Shift-Dir - straight line, f/p - crocodile
Aim: a crocodile (heavily wounded, haloed, 75% to hit)
You shoot an arrow.
The arrow hits the crocodile but does no damage.
The crocodile bites you but does no damage.
Fire: a) +0 shortbow
Press: ? - help, Q - select action, (/) - cycle Shift-Dir - straight line, f/p - crocodile
Aim: a crocodile (heavily wounded, haloed, 75% to hit)
You shoot an arrow. The arrow hits the crocodile.
The crocodile bites you!
* * * LOW HITPOINT WARNING * * *
Fire: a) +0 shortbow
Press: ? - help, Q - select action, (/) - cycle Shift-Dir - straight line, f/p - crocodile
Aim: a crocodile (heavily wounded, haloed, 75% to hit)
You shoot an arrow.
The arrow hits the crocodile but does no damage.
The crocodile barely misses you.
Fire: a) +0 shortbow
Press: ? - help, Q - select action, (/) - cycle Shift-Dir - straight line, f/p - crocodile
Aim: a crocodile (heavily wounded, haloed, 75% to hit)
You shoot an arrow. The arrow hits the crocodile.
The crocodile bites you!
* * * LOW HITPOINT WARNING * * *
Okay, then.
Fire: a) +0 shortbow
Press: ? - help, Q - select action, (/) - cycle Shift-Dir - straight line, f/p - crocodile
Aim: a crocodile (heavily wounded, haloed, 75% to hit)
You shoot an arrow. The arrow hits the crocodile.
The crocodile bites you but does no damage.
The crocodile bites you!
You die...

# #~~≈## #..# ,~~≈≈
#≈##~~≈#### #l.###~~~~≈
~≈#..~~≈≈≈# ######..#~b~W~~~
####...†~#≈≈≈≈≈≈≈b~~~~~~~~~~
# ##...~#########..#~~~~~~~
###.....~≈# #†.###~~~~≈
######~~# ##.## ~~≈≈
#..###†.# ≈≈≈ ##...@l## ≈≈
####### ≈


You could see a crocodile.

Vanquished Creatures
  Sigmund (D:3)
  A crocodile (Sewer)
  A scorpion (D:4)
  A sickly merfolk siren (Sewer)
  A malarious merfolk avatar (Sewer)
  5 adders
  A river rat (D:4)
  3 ribbon worms
  2 dart slugs (D:1)
  2 orcs (D:3)
  3 endoplasms
  5 giant cockroaches
  6 goblins
  3 hobgoblins
  9 jackals (D:1)
  2 kobolds (D:2)
  2 quokkas (Sewer)
  7 ball pythons
  A bat (D:1)
  7 frilled lizards
  17 rats
80 creatures vanquished.

Vanquished Creatures (collateral kills)
  A giant cockroach (Sewer)
  A rat (Sewer)
2 creatures vanquished.

Grand Total: 82 creatures vanquished

Notes
Turn   | Place    | Note
-------+----------+-------------------------------------------
     0 | D:1      | James the Formicid Hunter began the quest for the Orb.
     0 | D:1      | Reached XP level 1. HP: 16/16 MP: 1/1
   106 | D:1      | Reached XP level 2. HP: 16/22 MP: 2/2
   268 | D:1      | Found Qousop's Antique Weapon Shop.
   468 | D:1      | Reached XP level 3. HP: 27/27 MP: 3/3
   530 | D:1      | Found Odulihos's Distillery.
   533 | D:1      | Found Omeufieb's Antique Armour Emporium.
   827 | D:1      | Reached skill level 5 in Ranged Weapons
  1039 | D:1      | Bought a potion of curing for 30 gold pieces
  1116 | D:2      | Found Reetun's Book Boutique.
  1240 | D:2      | Found Ryzug's Assorted Antiques.
  1456 | D:2      | Reached XP level 4. HP: 29/33 MP: 4/4
  1478 | D:2      | Found Cifia's Weapon Shop.
  1650 | D:2      | Found Binek's Antique Weapon Shop.
  1758 | D:3      | Found Kizuj's Jewellery Emporium.
  1970 | D:3      | Noticed Sigmund
  1994 | D:3      | Killed Sigmund
  1995 | D:3      | Reached skill level 7 in Ranged Weapons
  1995 | D:3      | Reached XP level 5. HP: 9/38 MP: 5/5
  1995 | D:3      | Reached XP level 6. HP: 11/44 MP: 6/6
  2310 | D:3      | Found an ancient bone altar of Kikubaaqudgha.
  2402 | D:3      | Found an ornate altar of the Wu Jian Council.
  2670 | D:2      | Bought a scroll labelled KUAGRU XIOGHI for 32 gold pieces
  2670 | D:2      | Bought a scroll labelled HYN TUTAMAV for 32 gold pieces
  2670 | D:2      | Bought a scroll labelled OTAERPHEVANE for 32 gold pieces
  2670 | D:2      | Bought a scroll labelled TOSCHI GIUTZO for 32 gold pieces
  2670 | D:2      | Bought a fuming emerald potion for 28 gold pieces
  2735 | D:4      | Reached skill level 1 in Armour
  2793 | D:4      | Found a glowing drain.
  2821 | Sewer    | Entered a sewer
  2846 | Sewer    | Noticed a crocodile
  2886 | Sewer    | Killed a crocodile
  2887 | Sewer    | Reached XP level 7. HP: 31/50 MP: 7/7
  3164 | Sewer    | Mangled by a crocodile

Illustrated notes

Levels and vault maps discovered:
D:1:      grunt_arrival_crossed_arrows, layout_basic, serial_shops,
          nicolae_shop_behind_doors, nicolae_shop_trees, nicolae_shop_tiny_glass
D:2:      layout_loops_ring, serial_shops, nicolae_shop_statue_plus, shop_coins,
          nicolae_shop_trees, nicolae_shop_bloodbath_and_beyond,
          minmay_misc_feat_nine_boxes
D:3:      layout_loops_cross, kiku_gazebo_garden_becter,
          mainiacjoe_overflow_alcove_2, serial_shops, shop, uniq_sigmund
D:4:      layout_basic, lemuel_zombie_altar_yredelemnul,
          gammafunk_ghost_mausoleum, serial_corexii_hall,
          chequers_hall_statues_wall_a, corexii_hall_statues_i,
          portal_sewer_entry_c, st_stairs_2, kennysheep_small_square
Sewer:    sewer_sea

Skill      XL: |  1  2  3  4  5  6  7 |
---------------+----------------------+-----
Ranged Weapons | 5 7 |  7.7
Armour         | 2 3 |  3.0
Fighting       | |  2.1
Dodging        | |  1.7
Stealth        | |  1.2

Action                     |  1- 3 |  4- 6 |  7- 9 || total
---------------------------+-------+-------+-------++-------
   Fire: Shortbow          |    84 |   109 |    96 ||   289
Ability: Dig               |       |     1 |       ||     1
  Evoke: Wand              |       |     1 |       ||     1
    Use: Scroll            |       |     3 |     1 ||     4
 Armour: Leather armour    |    14 |    14 |       ||    28
         Scale mail        |       |    28 |    26 ||    54
  Dodge: Dodged            |    20 |    33 |    36 ||    89
